 Dungeon Crawl Stone Soup version 0.28-a0-265-g048bc9fd10 (webtiles) character file.

Game seed: 12974130274229351297

1776 Shayle the Ducker (level 9, -5/99 HPs)
             Began as a Djinni Warper on Aug 27, 2021.
             Killed from afar by Blork the orc (7 damage)
             ... with a magic dart
             ... on level 6 of the Dungeon.
             The game lasted 00:22:39 (8810 turns).

Shayle the Ducker (Djinni Warper)                   Turns: 8810, Time: 00:22:39

Health: -5/99      AC: 24    Str: 10    XL:     9   Next: 28%
Gold:   489        EV:  2    Int: 17    God:
                   SH:  0    Dex: 14

rFire   . . .      SeeInvis .   n - +4 spear (freeze)
rCold   . . .      Faith    .   (no shield)
rNeg    + + +      Spirit   .   (armour currently unavailable)
rPois   ∞          Reflect  .   (helmet currently unavailable)
rElec   .          Harm     .   (cloak currently unavailable)
rCorr   .          Rampage  .   (gloves currently unavailable)
Will    .....      NoTele   +   (boots unavailable)
Stlth   +.........              (no amulet)
HPRegen 0.26/turn               (no ring)
MPRegen 0.00/turn               (no ring)

@: tree-form, very slightly contaminated
A: stationary, stasis, torment immunity, boosted hp, sickness immunity, (fire
resistance 2), (cold vulnerability 1), float, innate caster, hp casting, extra
vitality 1
a: no special abilities


You were on level 6 of the Dungeon.
You were a tree.
You visited 1 branch of the dungeon, and saw 6 of its levels.
You also visited: Ossuary.

You collected 489 gold pieces.

Inventory:

Hand Weapons
 e - a +0 dagger of draining
 n - a +4 spear of freezing (weapon)
 x - a +2 whip of flaming
Missiles
 c - 2 boomerangs of dispersal
 l - 10 poisoned darts (quivered)
 m - 3 boomerangs
 w - 2 throwing nets
Armour
 a - a +1 leather armour (melded)
 j - a +1 helmet (melded)
Jewellery
 h - a ring of protection from fire
 k - an amulet of faith
Scrolls
 b - 3 scrolls of identify
 i - a scroll of immolation
 t - a scroll of magic mapping {unknown}
 u - a scroll of vulnerability
Potions
 d - 2 potions of degeneration
 f - a potion of ambrosia {unknown}
 g - a potion of magic
 p - a potion of curing {unknown}
 r - a potion of invisibility {unknown}
 s - a potion of mutation {unknown}
 v - a potion of attraction {unknown}
 z - a potion of flight {unknown}


   Skills:
 + Level 6.0 Fighting
 - Level 0.7 Throwing
 - Level 1.0 Armour
 + Level 6.5 Dodging
 + Level 5.9 Unarmed Combat
 + Level 5.0 Spellcasting


You couldn't memorise any spells.
You knew the following spells:

 Your Spells              Type           Power      Damage    Failure   Level
a - Blink                 Tloc           N/A        N/A       2%          2
b - Lesser Beckoning      Tloc           10%        N/A       5%          3
c - Gell's Gravitas       Tloc           10%        N/A       5%          3
d - Teleport Other        Tloc           21%        N/A       5%          3
e - Manifold Assault      Tloc           21%        N/A       45%         5
f - Beastly Appendage     Tmut           42%        N/A       1%          1
g - Ensorcelled Hibernat  Hex/Ice        42%        N/A       2%          2
h - Ignite Poison         Fire/Tmut/Pois 21%        N/A       5%          3
i - Petrify               Tmut/Erth      21%        N/A       19%         4
Your spell library was empty.

Dungeon Overview and Level Annotations

Branches:
Dungeon (6/15)            Ossuary (visited)
 Temple: D:4-7

Altars:
Cheibriados
Fedhas
Gozag
Qazlal
Sif Muna
Trog

Annotations:
D:6 1 transporter, Blork the orc; porpoise's ghost, novice OgAM


Innate Abilities, Weirdness & Mutations

You are a tree.
Your roots penetrate the ground, keeping you stationary.
You cannot be teleported.
You are immune to unholy pain and torment.
Your maximum health is greatly increased.
Your equipment is partially melded.
You are immune to sickness and miasma.
You are immune to poison.
((Your flesh is very heat resistant. (rF++)))
((You are vulnerable to cold. (rC-)))
You float through the air rather than walking.
You learn spells naturally, not from books.
Your magical power is your life essence.
You have superior vitality. (+4 HP)


Message History

You closely miss Blork the orc.
Blork the orc is moderately wounded.
Blork the orc barely misses you.
You completely miss Blork the orc.
Blork the orc is moderately wounded.
Blork the orc barely misses you.
Blork the orc hits you with a +1 vorpal trident!
* * * LOW HITPOINT WARNING * * *
x2 You hit Blork the orc.
You freeze Blork the orc.
Blork the orc is heavily wounded.
Blork the orc looks more healthy.
Blork the orc completely misses you. Blork the orc closely misses you.
You hit Blork the orc. You freeze Blork the orc.
Blork the orc is severely wounded.
Blork the orc gestures at you while chanting.
The puff of flame misses you.
Unknown command.
You closely miss Blork the orc.
Blork the orc is severely wounded.
Blork the orc hits you with a +1 vorpal trident!
* * * LOW HITPOINT WARNING * * *
x2 Blork the orc hits you with a +1 vorpal trident.
* * * LOW HITPOINT WARNING * * *
x2 Unknown command.
Really quaff the potion of lignification?
You turn into a tree.
Your +1 helmet melds into your body.
Your +1 leather armour melds into your body.
Your roots penetrate the ground.
Blork the orc barely misses you.
Okay, then.
Okay, then.
You hit Blork the orc. You freeze Blork the orc.
Blork the orc is almost dead.
Blork the orc hits you but does no damage.
Blork the orc hits you with a +1 vorpal trident.
* * * LOW HITPOINT WARNING * * *
x2 You barely miss Blork the orc.
Blork the orc is almost dead.
Blork the orc casts a spell at you. The magic dart hits you!
You die...

......## ....(.#
...(.# ....#
..(########
.(.......#
#'###o#......#
#....♣#......#
#.♣♣♣.#......#
#.....#.<....#
+.._..'......#
#.....#......#
#.♣♣♣.#......###
#. ..#........#
# ##+########.#
#.##


You could see Blork the orc (fast).

Vanquished Creatures
  A steam dragon (D:4)
  3 black bears
  A sky beast (D:6)
  2 ogres (D:4)
  A phantom (D:4)
  3 elf zombies (Ossuary)
  2 scorpions
  2 water moccasin skeletons
  A centaur zombie (D:6)
  2 hounds
  A gnoll shaman (D:5)
  2 orc priests
  An iron imp (D:4)
  A bullfrog skeleton (D:5)
  3 orc wizards
  A killer bee zombie (D:6)
  2 hound skeletons
  2 mummies (Ossuary)
  A howler monkey zombie (D:5)
  4 adders
  7 gnolls
  A howler monkey skeleton (D:6)
  An ufetubus (D:6)
  An adder skeleton (D:4)
  5 worms
  A dart slug (D:3)
  4 orcs
  14 ball pythons
  5 endoplasms
  4 giant cockroaches
  4 goblins
  5 hobgoblins
  5 jackals
  7 quokkas
  7 bats
  5 frilled lizards
  3 gnoll zombies (Ossuary)
  A goblin zombie (Ossuary)
  6 hobgoblin zombies (Ossuary)
  4 kobolds
  An orc zombie (Ossuary)
  7 rats
134 creatures vanquished.

Vanquished Creatures (others)
  6 plants (D:6)
6 creatures vanquished.

Grand Total: 140 creatures vanquished

Notes
Turn   | Place    | Note
-------+----------+-------------------------------------------
     0 | D:1      | Shayle the Djinni Warper began the quest for the Orb.
     0 | D:1      | Reached XP level 1. HP: 18/18 MP: 0/0
    63 | D:1      | Reached XP level 2. HP: 13/23 MP: 0/0
   566 | D:1      | Reached XP level 3. HP: 21/29 MP: 0/0
   566 | D:1      | Learned a level 1 spell: Beastly Appendage
   884 | D:1      | Found a faded altar of an unknown god.
  1598 | D:2      | Reached XP level 4. HP: 31/34 MP: 0/0
  2619 | D:3      | Reached XP level 5. HP: 28/40 MP: 0/0
  2619 | D:3      | Learned a level 2 spell: Ensorcelled Hibernation
  2792 | D:4      | Found a sand-covered staircase.
  2797 | Ossuary  | Entered an ossuary
  2821 | Ossuary  | HP: 2/40 [elf zombie (7)]
  3053 | Ossuary  | Reached XP level 6. HP: 39/46 MP: 0/0
  3994 | D:4      | Found a bloodstained altar of Trog.
  3994 | D:4      | Noticed a black bear
  3994 | D:4      | Noticed a black bear
  4290 | D:4      | Noticed a steam dragon
  4308 | D:4      | Reached XP level 7. HP: 32/51 MP: 0/0
  4308 | D:4      | Learned a level 3 spell: Ignite Poison
  4635 | D:5      | Entered Level 5 of the Dungeon
  4916 | D:4      | Reached XP level 8. HP: 20/58 MP: 0/0
  5374 | D:3      | Reached skill level 5 in Dodging
  6052 | D:4      | Reached skill level 5 in Fighting
  6212 | D:4      | Reached skill level 5 in Unarmed Combat
  6513 | D:4      | Found a snail-covered altar of Cheibriados.
  7788 | D:5      | Found an opulent altar of Gozag.
  7900 | D:5      | Reached XP level 9. HP: 58/65 MP: 0/0
  7900 | D:5      | Learned a level 4 spell: Petrify
  8689 | D:6      | Found a transporter.
  8695 | D:6      | Noticed porpoise's ghost (novice OgAM)
  8698 | D:6      | Identified the +8 spear of the Witching Blowfly {elec,
                  | Str+4 Int+5}
  8734 | D:6      | Found a stormy altar of Qazlal.
  8760 | D:6      | Found a blossoming altar of Fedhas.
  8776 | D:6      | Reached skill level 5 in Spellcasting
  8784 | D:6      | Noticed Blork the orc
  8807 | D:6      | HP: 3/66 [Blork the orc (3)]
  8809 | D:6      | HP: 1/99 [Blork the orc (1)]
  8810 | D:6      | Killed from afar by Blork the orc

Illustrated notes

Levels and vault maps discovered:
D:1:      dpeg_arrival_ternary, layout_basic, chequers_ecumenical_altar_lobes
D:2:      layout_rooms, basic_altar
D:3:      layout_basic
D:4:      layout_loops_ring, trog_ov_bears_minmay, chei_slow_surprise,
          portal_sewer_entry_c, enter_ossuary_5
D:5:      layout_cave_pools, mainiacjoe_overflow_concentric_impassable
D:6:      layout_rooms, mainiacjoe_overflow_six_doors_small,
          mainiacjoe_overflow_paths, dancing_weapons_uskayaw,
          lemuel_temple_firewalk_b, gammafunk_ghost_gnarly_gnolls,
          uniq_blork_the_orc, uniq_grinder

Skill      XL: |  1  2  3  4  5  6  7  8  9 |
---------------+----------------------------+-----
Dodging        | 3 4 6 |  6.5
Fighting       | 3 4 5 6 |  6.0
Spellcasting   | 3 4 5 |  5.0
Unarmed Combat | 3 4 5 |  5.9
Throwing       | |  0.7
Armour         | |  1.0

Action                   |  1- 3 |  4- 6 |  7- 9 || total
-------------------------+-------+-------+-------++-------
Melee: Unarmed           |    30 |       |       ||    30
       Dagger            |   110 |       |       ||   110
       Spear             |       |   209 |   304 ||   513
       Punch             |       |     5 |     6 ||    11
       Headbutt          |       |     1 |       ||     1
Throw: Boomerang         |       |     3 |       ||     3
       Dart              |       |       |    24 ||    24
 Cast: Beastly Appendage |     1 |     1 |       ||     2
       Gell's Gravitas   |       |     7 |       ||     7
       Blink             |       |     1 |     3 ||     4
       Teleport Other    |       |       |     2 ||     2
       Ensorcelled Hiber |       |       |     6 ||     6
       Petrify           |       |       |     7 ||     7
  Use: Scroll            |       |     8 |     8 ||    16
       Potion            |       |     3 |     4 ||     7
 Stab: Sleeping          |     1 |     1 |     2 ||     4
       Petrified         |       |       |     3 ||     3
       Petrifying        |       |       |     1 ||     1
Armor: Leather armour    |    40 |    58 |   103 ||   201
       Skin              |       |    12 |     1 ||    13
Dodge: Dodged            |    88 |   126 |   275 ||   489

Table legend: (Time is in decaauts)
 A = Elapsed time spent in this place.
 B = Non-inter-level travel time spent in this place.
 C = Inter-level travel time spent in this place.
 D = Time resting spent in this place.
 E = Time spent auto-exploring this place.
 F = Levels seen in this place.
 G = Mean time per level.
                   A        B        C        D        E       F      G
               +--------+--------+--------+--------+--------+-----+--------+
         Total |   8868 |   8576 |    292 |   2892 |   3296 |   7 | 1266.9 |
       Dungeon |   7711 |   7419 |    292 |   2051 |   3296 |   6 | 1285.2 |
       Ossuary |   1157 |   1157 |      0 |    841 |      0 |   1 | 1157.0 |
               +--------+--------+--------+--------+--------+-----+--------+

Top non-repeatable levels by time:
     D:4: 2410 daAuts
     D:3: 1683 daAuts
 Ossuary: 1157 daAuts
     D:1: 1126 daAuts
     D:2: 1024 daAuts
     D:5: 1008 daAuts
     D:6: 457 daAuts
